 Dungeon Crawl Stone Soup version 0.22-a0-247-gbddf880 (webtiles) character file.

226 varam the Slasher (level 6, 0/47 HPs)
             Began as a Merfolk Gladiator on Feb 27, 2018.
             Succumbed to a scorpion's poison
             ... on level 4 of the Dungeon.
             The game lasted 00:12:58 (3777 turns).

varam the Slasher (Merfolk Gladiator)               Turns: 3777, Time: 00:12:59

Health: 0/47       AC:  6    Str: 14      XL:     6   Next: 1%
Magic:  6/6        EV: 13    Int:  8 (9)  God:
Gold:   163        SH:  0    Dex: 14 (16) Spells: 5/5 levels left

rFire    . . .     SeeInvis .   w - +0 long sword
rCold    . . .     Gourm    .   (no shield)
rNeg     . . .     Faith    .   q - +0 ring mail
rPois    .         Spirit   .   c - +0 helmet
rElec    .         Reflect  .   (no cloak)
rCorr    .         Harm     .   (no gloves)
MR       .....                  (no boots)
Stlth    +.........             (no amulet)
HPRegen  0.15/turn              (no ring)
MPRegen  0.10/turn              (no ring)

@: lethally poisoned (0 -> -12), berserk cooldown, slowed, very slow
A: change form in water, swift swim, stealthy swim
a: no special abilities


You were on level 4 of the Dungeon.
You were not hungry.

You visited 1 branch of the dungeon, and saw 4 of its levels.

You collected 163 gold pieces.

Inventory:

Hand Weapons
 w - a +0 long sword (weapon)
 x - a +0 hunting sling
Missiles
 d - 3 throwing nets (quivered)
 v - 22 sling bullets
Armour
 b - a +0 leather armour
 c - a +0 helmet (worn)
 i - a +0 large shield
 q - a +0 ring mail (worn)
Scrolls
 a - a scroll of fog {unknown}
 e - 3 scrolls of teleportation {unknown}
 g - 4 scrolls of noise
 j - a scroll of immolation {unknown}
 l - a scroll of magic mapping {unknown}
 m - 3 scrolls of remove curse {unknown}
 n - 2 scrolls of enchant armour {unknown}
 p - a scroll of blinking {unknown}
Comestibles
 f - 4 rations
 o - 3 chunks of flesh


   Skills:
 - Level 3.0 Fighting
 * Level 6.3 Long Blades
 - Level 2.0 Throwing
 - Level 5.0 Dodging


You had 5 spell levels left.
You didn't know any spells.

Dungeon Overview and Level Annotations

Branches:
Dungeon (4/15)
 Temple: D:4-7

Altars:
Uskayaw


Message History

You feel sick.
* * * LOW HITPOINT WARNING * * *
You feel sick.
You can move again.
There is a stone staircase leading up here.
You aren't carrying any potions.
Unknown command.
Okay, then.
You aren't carrying any items that you can evoke.
Unknown command.
Unknown command.
Unknown command.
You don't know any spells.
Throwing (i - inventory)
d - 3 throwing nets (quivered)
Press: ? - help, Shift-Dir - straight line, f - you
Okay, then.
As you read the scroll labeled RAS PARIEMPAPUTS, it crumbles to dust.
It is a scroll of identify.
g - 4 scrolls of noise You die...

.. ##.# #...##
#..... ####
#....# #<.#
#....######.#..#
#....†......#.##
#..#.#####..#..
#....@...# ..#
#..#..##.#.##.#
##.#..........#
. ##........##
## #...#+#..#
#...# # #...#
#.... #.##..


There were no monsters in sight!

Vanquished Creatures
  A scorpion (D:4)
  A worker ant (D:4)
  A hound skeleton (D:4)
  4 gnolls
  An adder (D:2)
  An ooze (D:2)
  An adder skeleton (D:4)
  A worm (D:2)
  A dart slug (D:2)
  3 leopard geckos
  3 orcs (D:3)
  3 giant cockroaches
  12 goblins
  13 hobgoblins
  2 jackals
  4 quokkas
  3 ball pythons
  7 bats
  3 frilled lizards
  3 kobolds
  5 rats
73 creatures vanquished.

Notes
Turn   | Place    | Note
-------+----------+-------------------------------------------
     0 | D:1      | varam the Merfolk Gladiator began the quest for the Orb.
     0 | D:1      | Reached XP level 1. HP: 16/16 MP: 1/1
   276 | D:1      | Reached XP level 2. HP: 23/23 MP: 2/2
   683 | D:1      | Reached skill level 4 in Long Blades
  1080 | D:2      | Reached XP level 3. HP: 25/28 MP: 3/3
  1663 | D:3      | Reached skill level 3 in Fighting
  2062 | D:3      | Reached XP level 4. HP: 28/35 MP: 4/4
  2153 | D:4      | Reached skill level 5 in Long Blades
  2664 | D:1      | Reached XP level 5. HP: 34/41 MP: 5/5
  2734 | D:2      | Reached skill level 5 in Dodging
  3408 | D:3      | Found a hide-covered altar of Uskayaw.
  3411 | D:3      | Noticed a hand axe
  3411 | D:3      | Noticed a dagger
  3461 | D:3      | Found a faded altar of an unknown god.
  3770 | D:4      | Reached skill level 6 in Long Blades
  3770 | D:4      | Reached XP level 6. HP: 9/47 MP: 6/6
  3772 | D:4      | HP: 7/70 [poisoned by a scorpion]
  3774 | D:4      | HP: 3/47 [poisoned by a scorpion]
  3776 | D:4      | HP: 1/47 [poisoned by a scorpion]
  3777 | D:4      | Succumbed to a scorpion's poison

Vault maps used:
D:1:      lightli_arrival_quake, kennysheep_minor_cross, minmay_tromino_i2
D:2:      first_ration, minmay_tall_x
D:3:      dancing_weapons_uskayaw, chequers_ecumenical_altar_grove
D:4:      lightli_temple_of_fire, kennysheep_mini_moat,
          gammafunk_temple_overflow_pools, portal_sewer_entry_b

Skill      XL: |  1  2  3  4  5 |
---------------+----------------+-----
Long Blades    | 4 5 6 |  6.3
Fighting       | 3 |  3.0
Dodging        | 5 |  5.0
Throwing       | |  2.0

Action                   |  1- 3 |  4- 6 || total
-------------------------+-------+-------++-------
Melee: Long sword        |   121 |   157 ||   278
 Fire: Hunting sling     |     1 |     4 ||     5
Evoke: Wand              |     5 |     1 ||     6
  Use: Potion            |       |     5 ||     5
       Scroll            |       |     1 ||     1
  Eat: Chunk             |     4 |     5 ||     9
Armor: Leather armour    |    36 |       ||    36
       Ring mail         |     4 |    49 ||    53
Dodge: Dodged            |   102 |   104 ||   206
       Rpst.: Long sword |    29 |    22 ||    51

Table legend:
 A = Spawn XP
 B = Non-spawn XP
 C = Spawn XP percentage of total XP
 D = Spawn monster count
 E = Non-spawn monster count
 F = Spawn count percentage of total count
 G = Total turns spent on level
                    A         B        C        D         E        F      G
               +---------+---------+-------+---------+---------+-------+---------
         Total |       0 |     324 |   0.0 |       0 |      73 |   0.0 |  3777
               +---------+---------+-------+---------+---------+-------+---------
           D:1 |       0 |      45 |   0.0 |       0 |      18 |   0.0 |  1111
           D:2 |       0 |      97 |   0.0 |       0 |      22 |   0.0 |  1274
           D:3 |       0 |      51 |   0.0 |       0 |      29 |   0.0 |  1313
           D:4 |       0 |     131 |   0.0 |       0 |       4 |   0.0 |    79
               +---------+---------+-------+---------+---------+-------+---------
